 Dungeon Sprint DCSS version 0.28.0-53-g5a82cb258f (webtiles) character file.

Game seed: 10011793069813999204

8 Descartes the Grasshopper (level 2, -13/27 HPs)
             Began as a Troll Warper on May 29, 2022.
             Was an Initiate of Jiyva.
             Mangled by an ironbound preserver
             ... wielding a +0 great mace
              (30 damage)
             ... in the Dungeon (Sprint V: "Ziggurat Sprint").
             The game lasted 00:03:56 (98 turns).

Descartes the Grasshopper (Troll Warper)              Turns: 98, Time: 00:03:56

Health: -13/27     AC: 20    Str: 18    XL:     2   Next: 0%
Magic:  2/2        EV:  0    Int:  9    God:    Jiyva [......]
Gold:   0          SH:  0    Dex:  9    Spells: 3/3 levels left

rFire   + + +      SeeInvis .   r - +7 great mace "Firestarter" {inner flame, rF++}
rCold   + . .      Faith    .   (shield currently unavailable)
rNeg    . . .      Spirit   .   H - +5 gold dragon scales
rPois   +          Reflect  .   (helmet restricted)
rElec   .          Harm     .   (no cloak)
rCorr   .          Rampage  .   (gloves unavailable)
Will    .....      NoTele   +   (boots unavailable)
Stlth   ..........              (no amulet)
HPRegen 0.89/turn               (no ring)
MPRegen 0.08/turn               (no ring)

@: no status effects
A: large, unfitting armour, claws 3, regeneration 1, shaggy fur 1, tough skin 1
a: Renounce Religion


You were in the Dungeon.
You worshipped Jiyva.
Jiyva was noncommittal.
You visited 1 branch

Inventory:

Hand Weapons
 a - a +0 mace
 o - the +10 dark maul {vorpal}
   (You found it in the Dungeon)

   It inflicts extra damage upon your enemies.
 p - the +14 obsidian axe {vorpal, Mesm Drain Fly SInv}
   (You found it in the Dungeon)

   It inflicts extra damage upon your enemies.
   It occasionally summons demons to assist the wielder when it strikes in
   combat.
   Its wielder is mesmerised by any visible foes.
   It cannot be unequipped while any foes are visible.
   SInv:      It lets you see invisible.
   Fly:       It grants you flight.
   Drain:     It drains your maximum health when unequipped.
 r - the +7 great mace "Firestarter" (weapon) {inner flame, rF++}
   (You found it in the Dungeon)

   It burns those it strikes, dealing additional fire damage.
   It fills those it strikes with an explosive inner flame.
   It grants immunity to clouds of flame.
   rF:        It greatly protects you from fire.
 s - the +8 lance "Wyrmbane" {slay drac, rPois rF+ rC+ AC+3}
   (You found it in the Dungeon)

   It inflicts extra damage against dragons and draconians.
   AC:        It affects your AC (+3).
   rF:        It protects you from fire.
   rC:        It protects you from cold.
   rPois:     It protects you from poison.
 t - the +7 mace of Variability {chain chaos}
   (You found it in the Dungeon)

   Each time it hits an enemy it has a different, random effect.
   It occasionally unleashes arcs of chaos on nearby creatures upon striking a
   foe.
 u - the +6 shillelagh "Devastator" {shatter}
   (You found it in the Dungeon)

   It releases a powerful concussive burst when it strikes, dealing extra damage
   to the target and all other foes adjacent to them.
Missiles
 d - 5 boomerangs of dispersal (quivered)
Armour
 b - a +0 robe
 q - the +18 shield of the Gong {rElec rN+ Will+ EV-5}
   (You found it in the Dungeon)

   It is deafeningly noisy when blocking attacks.
   EV:        It affects your evasion (-5).
   rElec:     It insulates you from electricity.
   rN:        It protects you from negative energy.
   Will:      It increases your willpower.
 G - a +3 tower shield
 H - +5 gold dragon scales (worn)
Jewellery
 w - a ring of flight
 x - a +6 ring of dexterity
 y - a +6 ring of dexterity
 z - a +6 ring of intelligence
 A - a +6 ring of intelligence
 B - a +6 ring of strength
 C - a +6 ring of strength
Wands
 D - a wand of mindburst (7)
 E - a wand of iceblast (7)
 F - a wand of acid (7)
Scrolls
 c - 5 scrolls of blinking
 m - 4 scrolls of amnesia
 I - 7 scrolls of fog
 J - a scroll of holy word
 K - 5 scrolls of identify
 L - 2 scrolls of fear
Potions
 e - 10 potions of curing
 f - 10 potions of heal wounds
 g - 6 potions of haste
 h - 7 potions of magic
 i - 3 potions of berserk rage
 j - 2 potions of brilliance
 k - 2 potions of invisibility
 l - 4 potions of resistance
 n - 5 potions of might
Miscellaneous
 v - a lightning rod (4/4)


   Skills:
 + Level 1.5 Fighting
 + Level 2.8(3.0) Axes
 + Level 1.7(2.7) Maces & Flails
 + Level 0.8 Throwing
 + Level 2.8 Armour
 + Level 1.9 Dodging
 + Level 2.8 Shields
 + Level 1.2 Spellcasting
 + Level 3.5 Translocations


You had 3 spell levels left.
You didn't know any spells.
Your spell library contained the following spells:

 Spells                   Type           Power      Damage    Failure   Level
 Blink                    Tloc           12%        N/A       100%        2
 Gell's Gravitas          Tloc           6%         N/A       100%        3
 Lesser Beckoning         Tloc           6%         N/A       100%        3
 Teleport Other           Tloc           6%         N/A       100%        3
 Manifold Assault         Tloc           6%         N/A       100%        5


Dungeon Overview and Level Annotations

Branches:
Dungeon (1/1)

Altars:
Ashenzari
Cheibriados
Dithmenos
Elyvilon
Fedhas
Gozag
Hepliaklqana
Kikubaaqudgha
Makhleb
Nemelex Xobeh
Okawaru
Qazlal
Ru
Sif Muna
Trog
Uskayaw
Vehumet
Wu Jian
Xom
Yredelemnul
Zin
The Shining One
Beogh
Jiyva
Lugonu

Annotations:
D 1 transporter


Innate Abilities, Weirdness & Mutations

You are too large for most types of armour.
You have claws for hands.
Your natural rate of healing is unusually fast.
You are covered in fur. (AC +1)
You have tough skin. (AC +1)


Message History

You finish taking off your +0 robe.
You start putting on your armour.
You continue putting on your +5 gold dragon scales. x5
You finish putting on your +5 gold dragon scales.
You feel more experienced!
Your base Axes skill gained 2 levels and is now at level 2!
Your Armour skill gained 2 levels and is now at level 2!
Your Shields skill gained 2 levels and is now at level 2!
Your Translocations skill increases to level 3!
You have reached level 2!
Okay, then.
Okay, then.
You hear a shout!
You hear a shout!
You hear a shout! x2
Things that are here:
a +3 kite shield; a +3 buckler You hear a distant slurping noise.
You hear a shout!
Items here: [[[[[[.
You hear a shout!
You hear a shout!
Unknown command.
m - 4 scrolls of amnesia;
I - 7 scrolls of fog;
J - a scroll of holy word
K - 5 scrolls of identify;
L - 2 scrolls of fear
c - 5 scrolls of blinking (gained 3) Unknown command.
Okay, then.
There is a transporter here.
Welcome to arena 1.
You enter the transporter and appear at another place.
A vault sentinel and an ironbound preserver come into view.
The vault sentinel shouts!
The vault sentinel unwields a +0 falchion.
The vault sentinel wields a +0 arbalest.
The vault sentinel shoots a bolt.
The bolt hits you!
Found a scarf of harm and a ring of wizardry.
Found a transporter.
The ironbound preserver hits you with a +0 great mace!!
Ouch! That really hurt!
You die...

▓▓▓▓▓▓▓
▓.8©8.▓
▓.....▓
▓.p.[.▓
▓..p..▓
▓..@..▓
▓..©..▓
▓▓▓▓▓▓▓


You could see an ironbound preserver and a vault sentinel.

Vanquished Creatures (others)
  Dissolution (D)
  2 orb spiders (shapeshifter) (D)
  A cyclops (shapeshifter) (D)
  A guardian serpent (shapeshifter) (D)
  3 neqoxecs (D)
  Duvessa (D)
9 creatures vanquished.

Notes
Turn   | Place    | Note
-------+----------+-------------------------------------------
     0 | D        | Descartes the Troll Warper began the quest for the Orb.
     0 | D        | Reached XP level 1. HP: 19/19 MP: 1/1
     0 | D        | Found a shimmering blue altar of Sif Muna.
     0 | D        | Found a sacrificial altar of Ru.
     0 | D        | Found a bloodstained altar of Trog.
     0 | D        | Found a stormy altar of Qazlal.
     0 | D        | Found an iron altar of Okawaru.
     0 | D        | Found a sparkling altar of Nemelex Xobeh.
     0 | D        | Found a blossoming altar of Fedhas.
     0 | D        | Found the +6 Majin-Bo {vamp, MP+6 Int+6}
     0 | D        | Found the +9 heavy crossbow "Sniper" {vorpal, Acc+∞ SInv}
     0 | D        | Found the +10 dark maul {vorpal}
     0 | D        | Found the +15 Maxwell's patent armour {-Cast -Tele rElec
                  | Will+ rCorr}
     0 | D        | Found the +18 shield of the Gong {rElec rN+ Will+ EV-5}
     0 | D        | Found the +14 obsidian axe {vorpal, Mesm Drain Fly SInv}
     0 | D        | Found the +7 great mace "Firestarter" {inner flame, rF++}
     0 | D        | Found the +6 shillelagh "Devastator" {shatter}
     0 | D        | Found the +11 plutonium sword {Contam Stlth-}
     0 | D        | Found the +8 lance "Wyrmbane" {slay drac, rPois rF+ rC+
                  | AC+3}
     0 | D        | Found the +9 sword of Zonguldrok {reap}
     0 | D        | Found the +13 scythe of Curses {drain, Drain}
     0 | D        | Found the +5 sword of Power {vorpal}
     0 | D        | Found the +7 mace of Variability {chain chaos}
     0 | D        | Found the +7 Singing Sword {vorpal, sonic wave}
     0 | D        | Found the +8 storm bow {elec, penet}
     9 | D        | Found a viscous altar of Jiyva.
     9 | D        | Found a hazy altar of Hepliaklqana.
     9 | D        | Found a transporter.
     9 | D        | Found an opulent altar of Gozag.
     9 | D        | Found an ancient bone altar of Kikubaaqudgha.
     9 | D        | Found a corrupted altar of Lugonu.
    17 | D        | Found a burning altar of Makhleb.
    59 | D        | Became a worshipper of Jiyva Judwube the Shapeless
    64 | D        | Killed a cyclops
    64 | D        | Killed a neqoxec
    65 | D        | Killed Duvessa
    67 | D        | Killed Dissolution
    70 | D        | Killed an orb spider
    71 | D        | Reached skill level 3 in Translocations
    71 | D        | Reached XP level 2. HP: 27/27 MP: 2/2
    88 | D        | Killed an orb spider
    88 | D        | Killed a neqoxec
    95 | D        | Killed a neqoxec
    97 | D        | Entered arena 2.
    97 | D        | Noticed a vault sentinel
    97 | D        | Noticed an ironbound preserver
    97 | D        | Killed a guardian serpent
    97 | D        | Found a transporter.
    98 | D        | Mangled by an ironbound preserver

Illustrated notes

Levels and vault maps discovered:
D:        sprint_v [room_start, room_1, room_2, room_3, room_4, room_5, room_6,
          room_7, room_8, room_9, room_10, room_11, room_12, room_13, room_14,
          room_15, room_16, room_17, room_18, room_19, room_20, room_21,
          room_22, room_23, room_24, room_25, room_26, room_27]

Skill      XL: |  1 |
---------------+----+-----
Axes           | 2 |  2.8
Armour         | 2 |  2.8
Shields        | 2 |  2.8
Translocations | 3 |  3.5
Fighting       | |  1.5
Maces & Flails | |  1.7
Throwing       | |  0.8
Dodging        | |  1.9
Spellcasting   | |  1.2

Action                   || total
-------------------------++-------
  Use: Potion            ||     1
